 Dungeon Crawl Stone Soup version 0.22-a0-879-g615c57abe7 (webtiles) character file.

40 GordonOverkill the Grave Robber (level 3, 0/24 HPs)
             Began as a Mummy Necromancer on July 26, 2018.
             Slain by an iguana (12 damage)
             ... on level 2 of the Dungeon on July 30, 2018.
             The game lasted 00:03:23 (1508 turns).

GordonOverkill the Grave Robber (Mummy Necromancer) Turns: 1508, Time: 00:03:24

Health: 0/24       AC:  2    Str: 11    XL:     3   Next: 30%
Magic:  3/7        EV: 12    Int: 15    God:
Gold:   24         SH:  0    Dex: 12    Spells: 6/8 levels left

rFire    x . .     SeeInvis .   f - +0 short sword (drain)
rCold    + . .     Gourm    .   (no shield)
rNeg     + + +     Faith    .   a - +0 robe
rPois    ∞         Spirit   .   (no helmet)
rElec    .         Reflect  .   (no cloak)
rCorr    .         Harm     .   (no gloves)
MR       .....                  (no boots)
Stlth    ++........             (no amulet)
HPRegen  0.08/turn              (no ring)
MPRegen  0.10/turn              (no ring)

@: no status effects
A: no food or potions, fire vulnerability, cold resistance 1, negative energy
resistance 3, torment resistance, unbreathing
a: no special abilities


You were on level 2 of the Dungeon.
You were not hungry.

You visited 1 branch of the dungeon, and saw 2 of its levels.

You collected 24 gold pieces.

Inventory:

Hand Weapons
 f - a +0 short sword of draining (weapon)
Armour
 a - a +0 robe (worn)
Scrolls
 c - 3 scrolls of remove curse {unknown}
 d - a scroll of fear {unknown}
 e - a scroll of identify {unknown}


   Skills:
 + Level 2.1 Dodging
 - Level 2.0 Stealth
 + Level 3.4 Spellcasting
 + Level 4.3 Necromancy


You had 6 spell levels left.
You knew the following spells:

 Your Spells              Type           Power        Failure   Level  Hunger
a - Pain                  Necr           ###.         3%          1    N/A
b - Animate Skeleton      Necr           N/A          3%          1    N/A

Your spell library contained the following spells:

 Spells                   Type           Power        Failure   Level  Hunger
 Animate Dead             Necr           N/A          32%         4    N/A
 Vampiric Draining        Necr           ###.......   10%         3    N/A
 Regeneration             Chrm/Necr      #.........   24%         3    N/A

Dungeon Overview and Level Annotations

Branches:
Dungeon (2/15)

Altars:


Innate Abilities, Weirdness & Mutations

You do not eat or drink.
Your flesh is vulnerable to fire.
You are immune to poison.
Your flesh is cold resistant. (rC+)
You are immune to negative energy. (rN+++)
You are immune to unholy pain and torment.
You can survive without breathing.


Message History

Press: ? - help, Shift-Dir - straight line, f/p - iguana
Aim: an iguana (moderately wounded, chance to defeat MR: 80%)
The iguana writhes in agony!
Casting: Pain (safe; 3% risk of failure)
Confirm with . or Enter, or press ? or * to list all spells.
Aiming: Pain (safe; 3% risk of failure)
Press: ? - help, Shift-Dir - straight line, f/p - iguana
Aim: an iguana (severely wounded, chance to defeat MR: 80%)
The iguana barely resists.
The iguana bites you!
Ouch! That really hurt!
Your goblin skeleton barely misses the iguana.
Casting: Pain (safe; 3% risk of failure)
Confirm with . or Enter, or press ? or * to list all spells.
Aiming: Pain (safe; 3% risk of failure)
Press: ? - help, Shift-Dir - straight line, f/p - iguana
Aim: an iguana (severely wounded, chance to defeat MR: 80%)
The iguana barely resists.
The bat hits you but does no damage. The iguana bites you!
Ouch! That really hurt!
You die...

#... #.#. ##.#.###
.. ...# # #.
#..#.###..
#.##..#...... #
#....l.b.....
#.##)#Z@##... .
#.......# ..
####...## ...
#..## #[..####..#
........#.#####
..............####
.##....%...<...#
#.#####.#.#..#


You could see an iguana, a bat and a friendly goblin skeleton.

Vanquished Creatures
  An adder (D:1)
  A dart slug (D:1)
  A leopard gecko (D:1)
  2 giant cockroaches (D:1)
  4 goblins
  6 hobgoblins
  5 kobolds (D:1)
  7 rats
27 creatures vanquished.

Notes
Turn   | Place    | Note
-------+----------+-------------------------------------------
     0 | D:1      | GordonOverkill the Mummy Necromancer began the quest for the Orb.
     0 | D:1      | Reached XP level 1. HP: 13/13 MP: 4/4
   161 | D:1      | Reached XP level 2. HP: 19/19 MP: 0/5
   222 | D:1      | Learned a level 1 spell: Animate Skeleton
  1328 | D:2      | Upgraded the game from 0.22-a0-845-g8bfc27d406 to 0.22-a0-879-g615c57abe7
  1365 | D:1      | Reached XP level 3. HP: 24/24 MP: 1/7
  1508 | D:2      | Slain by an iguana

Vault maps used:
D:1:      dpeg_arrival_lava_temple_mockup
D:2:      chequers_ecumenical_altar_simple_redux, first_ration,
          minmay_misc_feat_room, minmay_misc_feat_tower,
          minmay_large_rounded_square, minmay_domino_2, uniq_natasha

Skill      XL: |  1  2 |
---------------+-------+-----
Spellcasting   | 3 |  3.4
Stealth        | 2 |  2.0
Dodging        | 2 |  2.1
Necromancy     | |  4.3

Action                   || total
-------------------------++-------
 Cast: Pain              ||    55
       Animate Skeleton  ||     9
Armor: Robe              ||     2
Dodge: Dodged            ||     8

Table legend:
 A = Spawn XP
 B = Non-spawn XP
 C = Spawn XP percentage of total XP
 D = Spawn monster count
 E = Non-spawn monster count
 F = Spawn count percentage of total count
 G = Total turns spent on level
                    A         B        C        D         E        F      G
               +---------+---------+-------+---------+---------+-------+---------
         Total |       0 |      58 |   0.0 |       0 |      27 |   0.0 |  1508
               +---------+---------+-------+---------+---------+-------+---------
           D:1 |       0 |      53 |   0.0 |       0 |      24 |   0.0 |  1390
           D:2 |       0 |       5 |   0.0 |       0 |       3 |   0.0 |   118
               +---------+---------+-------+---------+---------+-------+---------
